 Dungeon Crawl Stone Soup version 0.25-a0-399-gcf1075a (webtiles) character file.

Game seed: 9065638709750422579, levelgen mode: deterministic

1061 relicbr the Purveyor of Pain (level 8, -5/60 HPs)
             Began as a Demonspawn Necromancer on Jan 8, 2020.
             Was an Initiate of Kikubaaqudgha.
             Slain by an orc warrior
             ... wielding a +0 hand axe
              (8 damage)
             ... on level 4 of the Dungeon.
             The game lasted 00:12:20 (5524 turns).

relicbr the Purveyor of Pain (DsNe)                 Turns: 5524, Time: 00:12:21

Health: -5/60      AC: 11    Str:  8    XL:     8   Next: 6%
Magic:  0/11       EV: 11    Int: 19    God:    Kikubaaqudgha [......]
Gold:   178        SH:  3    Dex: 16    Spells: 10/11 levels left

rFire    . . .     SeeInvis .   a - +2 whip (pain)
rCold    . . .     Gourm    .   w - +0 buckler
rNeg     . . .     Faith    .   l - +2 robe {Archmagi}
rPois    .         Spirit   +   (helmet restricted)
rElec    .         Reflect  .   A - +0 cloak
rCorr    .         Harm     .   (no gloves)
MR       .....                  (no boots)
Stlth    ++........             (no amulet)
HPRegen  0.20/turn              v - +2 ring of dexterity
MPRegen  0.24/turn              (no ring)

@: sanguine armour
A: antennae 1, magic shield, magic regeneration, rot immunity, sanguine armour 1
a: Renounce Religion


You were on level 4 of the Dungeon.
You worshipped Kikubaaqudgha.
Kikubaaqudgha was noncommittal.
You were not hungry.

You visited 2 branches of the dungeon, and saw 6 of its levels.

You collected 178 gold pieces.

Inventory:

Hand Weapons
 a - a +2 whip of pain (weapon)
 b - the +3 mace "Tormentor" {speed, *Noise rElec rC+ rN+}
   (You found it on level 4 of the Dungeon)

   Attacks with this weapon are significantly faster.
   It protects you from cold.
   It insulates you from electricity.
   It protects you from negative energy.
   It may make noises in combat.
 y - a +1 flail of protection
Missiles
 o - 14 poisoned darts (quivered)
Armour
 e - a +0 shield
 l - a +2 robe of the Archmagi (worn)
 w - a +0 buckler (worn)
 A - a +0 cloak (worn)
Jewellery
 v - a +2 ring of dexterity (left hand)
Wands
 x - a wand of acid (10)
Scrolls
 f - 2 scrolls of blinking {unknown}
 g - 2 scrolls of random uselessness {unknown}
 k - 3 scrolls of amnesia
 n - 3 scrolls of magic mapping {unknown}
 q - 2 scrolls of enchant armour {unknown}
 t - 2 scrolls of remove curse {unknown}
 u - 2 scrolls of immolation {unknown}
 B - 3 scrolls of teleportation
Potions
 d - a potion of ambrosia {unknown}
 h - a potion of haste
 i - a potion of lignification
 j - a potion of might
 m - a potion of degeneration {unknown}
 p - a potion of curing {unknown}
 r - a potion of heal wounds {unknown}
 s - a potion of agility {unknown}
Comestibles
 c - 15 rations
 z - 5 chunks of flesh


   Skills:
 * Level 3.9 Fighting
 - Level 1.7 Dodging
 - Level 1.7 Stealth
 - Level 2.0 Spellcasting
 - Level 10.2 Necromancy


You had 10 spell levels left.
You knew the following spells:

 Your Spells              Type           Power        Failure   Level  Hunger
a - Pain                  Necr           ####         1%          1    #......

Your spell library contained the following spells:

 Spells                   Type           Power        Failure   Level  Hunger
 Animate Skeleton         Necr           N/A          1%          1    #......
 Vampiric Draining        Necr           ######....   1%          3    ###....
 Animate Dead             Necr           N/A          4%          4    #####..
 Agony                    Necr           ######..     12%         5    ######.
 Beastly Appendage        Tmut           #.....       28%         1    #......
 Sticks to Snakes         Tmut           #.......     38%         2    ###....
 Spider Form              Tmut/Pois      #.........   63%         3    ###....
 Ice Form                 Ice/Tmut       #.......     95%         4    #####..
 Blade Hands              Tmut           #.........   100%        5    ######.


Dungeon Overview and Level Annotations

Branches:
Dungeon (5/15)             Temple (1/1) D:4

Altars:
Ashenzari
Dithmenos
Elyvilon
Fedhas
Gozag
Hepliaklqana
Kikubaaqudgha
Makhleb
Nemelex Xobeh
Okawaru
Qazlal
Sif Muna
Trog
Uskayaw
Wu Jian
Xom
Yredelemnul
Zin
The Shining One

Annotations:
D:3 exclusion: oklob plant


Innate Abilities, Weirdness & Mutations

You have a pair of small antennae on your head.
When hurt, damage is shared between your health and your magic reserves.
You regenerate magic rapidly.
You are immune to rotting.
When seriously injured, your bleeding wounds create armour. (AC +6)


Message History

Aiming: Corrosive Bolt
Press: ? - help, Shift-Dir - straight line, f/p - orc warrior
Aim: an orc warrior, wielding a +0 hand axe and wearing a +0 plate armour (heavily wounded)
The bolt of acid hits the orc warrior but does no damage.
The orc warrior is heavily wounded.
You block the orc warrior's attack.
Evoke which item? (* to show all) (? for menu, Esc to quit)
Aiming: Corrosive Bolt
Press: ? - help, Shift-Dir - straight line, f/p - orc warrior
Aim: an orc warrior, wielding a +0 hand axe and wearing a +0 plate armour (heavily wounded)
The bolt of acid misses the orc warrior.
The orc warrior hits you but does no damage.
You closely miss the orc warrior.
The orc warrior is heavily wounded.
You block the orc warrior's attack.
You closely miss the orc warrior.
The orc warrior is heavily wounded.
The orc warrior hits you with a +0 hand axe!
You die...
Kikubaaqudgha rasps: "You have failed me!
Welcome... death!"

###.#####.###..# #.### ####
##.##.........####...#
...###..##.#..............######
...##.#.##....#.##.#...........#
##.#.##.....>.#......#.#.#.#.#.##
.......##.##.......#...........#.
.#.#.#.#.###.##.#..#.#.......#.#.
...##...## #.......#...........#.
.......## ####.@....#...>...#.#.
#####...# ##o................ #
#...# #>....#.......#.## # #...#
#...#...........# #
##..########...#.#.#.#.#.#.# #
#..##.....................## #
#................^.......... #
##.##..........<....#......# #
#.########...##..#......#.#


You could see an orc warrior.

Vanquished Creatures
  Edmund (D:4)
  An ice beast (D:4)
  An ogre (D:4)
  A centaur (D:5)
  A bullfrog (D:4)
  A scorpion (D:4)
  2 howler monkeys (D:4)
  A crimson imp (D:4)
  A hound (D:4)
  Crazy Yiuf (D:4)
  5 orc wizards
  5 worker ants
  2 adders
  An ooze (D:2)
  2 adder skeletons (D:4)
  4 worms
  A dart slug (D:4)
  2 leopard geckos
  26 orcs
  3 giant cockroaches
  8 goblins
  9 hobgoblins
  3 jackals
  5 kobolds
  2 quokkas (D:3)
  4 bats
  8 frilled lizards
  7 rats
  A butterfly (D:4)
109 creatures vanquished.

Notes
Turn   | Place    | Note
-------+----------+-------------------------------------------
     0 | D:1      | relicbr the Demonspawn Necromancer began the quest for the
                  | Orb.
     0 | D:1      | Reached XP level 1. HP: 13/13 MP: 3/3
   327 | D:1      | Gained mutation: You are immune to rotting. [demonic
                  | ancestry]
   327 | D:1      | Reached XP level 2. HP: 19/19 MP: 5/5
   363 | D:1      | Reached skill level 5 in Necromancy
  1059 | D:2      | Gained mutation: When seriously injured, your bleeding
                  | wounds create armour. (AC +6) [demonic ancestry]
  1059 | D:2      | Reached XP level 3. HP: 22/24 MP: 4/6
  1133 | D:2      | Found a shattered altar of Ashenzari.
  1137 | D:2      | Saw a vision of the Shoals and the Spider Nest.
  1137 | D:2      | Noticed a scorpion
  1137 | D:2      | Noticed a redback
  1137 | D:2      | Noticed a centaur
  1137 | D:2      | Noticed a redback
  1137 | D:2      | Noticed a merfolk siren
  1137 | D:2      | Noticed a scorpion
  1137 | D:2      | Noticed a hippogriff
  1137 | D:2      | Noticed a redback
  1137 | D:2      | Noticed a merfolk
  1138 | D:2      | Noticed a redback
  1139 | D:2      | Noticed a redback
  1166 | D:2      | Found a shattered altar of Ashenzari.
  1704 | D:3      | Reached skill level 6 in Necromancy
  1810 | D:3      | Reached XP level 4. HP: 19/30 MP: 7/7
  2013 | D:3      | Found a stormy altar of Qazlal.
  2442 | D:3      | Found a white marble altar of Elyvilon.
  2450 | D:3      | Reached skill level 7 in Necromancy
  2450 | D:3      | Gained mutation: You have a pair of small antennae on your
                  | head. [demonic ancestry]
  2450 | D:3      | Reached XP level 5. HP: 29/35 MP: 1/8
  2960 | D:3      | Found a blossoming altar of Fedhas.
  2986 | D:3      | Noticed an oklob plant
  3291 | D:4      | Found a shimmering altar of Xom.
  3507 | D:4      | Reached skill level 8 in Necromancy
  3507 | D:4      | Gained mutation: When hurt, damage is shared between your
                  | health and your magic reserves. [demonic ancestry]
  3507 | D:4      | Reached XP level 6. HP: 31/41 MP: 6/9
  3759 | D:4      | Found a staircase to the Ecumenical Temple.
  3769 | D:4      | Noticed Edmund
  3815 | D:4      | Killed Edmund
  3815 | D:4      | Reached skill level 9 in Necromancy
  3847 | D:4      | Reached XP level 7. HP: 35/46 MP: 8/10
  4079 | Temple   | Entered the Ecumenical Temple
  4147 | Temple   | Became a worshipper of Kikubaaqudgha
  4275 | D:4      | Found a shimmering altar of Xom.
  4291 | D:4      | Reached skill level 10 in Necromancy
  4513 | D:4      | Found a runed translucent door.
  4514 | D:4      | Noticed Crazy Yiuf
  4521 | D:4      | Killed Crazy Yiuf
  4536 | D:4      | Got a shimmering mace
  4537 | D:4      | Identified the +3 mace "Tormentor" {speed, *Noise rElec rC+
                  | rN+} (You found it on level 4 of the Dungeon)
  4735 | D:5      | Entered Level 5 of the Dungeon
  4769 | D:4      | Reached skill level 1 in Fighting
  5407 | D:5      | Gained mutation: You regenerate magic rapidly. [demonic
                  | ancestry]
  5407 | D:5      | Reached XP level 8. HP: 42/60 MP: 7/11
  5517 | D:4      | HP: 2/60 [orc warrior/+0 hand axe (3)]
  5524 | D:4      | Slain by an orc warrior

Levels and vault maps discovered:
D:1:      evilmike_arrival_hilbert_curve, layout_loops_ring
D:2:      layout_loops_ring, lemuel_crystal_altar, grunt_ashenzari_visionary
          [grunt_ashenzari_visionary_shoals, grunt_ashenzari_visionary_spider]
D:3:      layout_loops_ring, nicolae_qazlal_general_emergency,
          nicolae_overflow_crystal_walls, tgw_fedhas, grunt_ministairs_14,
          palyth_stone_intersect
D:4:      layout_loops_cross, xom_butterflies, minmay_temple_entry_glass,
          xom_teletrap_fun, uniq_edmund, uniq_crazy_yiuf_cottage
D:5:      cheibrodos_quashed, layout_loops_cross, vehumet_crystals,
          first_ration, nemelex_diamond_rough_becter
Temple:   eino_temple_water

Skill      XL: |  1  2  3  4  5  6  7 |
---------------+----------------------+-----
Necromancy     | 5 6 7 8 9 10 | 10.2
Fighting       | 3 |  3.9
Dodging        | |  1.7
Stealth        | |  1.7
Spellcasting   | |  2.0

Action                   |  1- 3 |  4- 6 |  7- 9 || total
-------------------------+-------+-------+-------++-------
Melee: Unarmed           |     4 |       |       ||     4
       Dagger            |     3 |       |       ||     3
       Whip              |    70 |    80 |    74 ||   224
       Mace              |       |       |    30 ||    30
Throw: Dart              |       |     3 |       ||     3
 Cast: Pain              |    21 |    40 |    32 ||    93
Evoke: Wand              |       |       |     2 ||     2
  Use: Scroll            |       |     5 |       ||     5
 Stab: Sleeping          |     5 |     3 |     3 ||    11
       Distracted        |       |     2 |       ||     2
  Eat: Chunk             |     3 |     7 |     6 ||    16
Armor: Robe              |    19 |    20 |    31 ||    70
Dodge: Dodged            |    32 |    50 |    48 ||   130
Block: Buckler           |       |       |    10 ||    10

Table legend:
 A = Non-vault XP
 B = Vault XP
 C = Vault XP percentage of total XP
 D = Non-vault monster count
 E = Vault monster count
 F = Vault count percentage of total count
                 A         B        C        D         E       F
            +---------+---------+-------+---------+---------+-------
      Total |    1320 |     196 |  12.9 |     105 |       3 |   2.8
            +---------+---------+-------+---------+---------+-------
        D:1 |      36 |       0 |   0.0 |      23 |       0 |   0.0
        D:2 |      34 |       0 |   0.0 |      13 |       0 |   0.0
        D:3 |     141 |       2 |   1.4 |      26 |       1 |   3.7
        D:4 |     926 |     194 |  17.3 |      33 |       2 |   5.7
        D:5 |     183 |       0 |   0.0 |      10 |       0 |   0.0
            +---------+---------+-------+---------+---------+-------
